 Dungeon Sprint DCSS version 0.31-a0-1-g4198be8af4 (webtiles) character file.

Game seed: 6556062431422492436

1760 123456 the Fighter (level 8, -3/89 HPs)
             Began as a Minotaur Fighter on May 1, 2023.
             Was an Initiate of Gozag.
             Slain by a deep troll (19 damage)
             ... in the Dungeon (Sprint I: "Red Sonja").
             The game lasted 00:01:24 (1147 turns).

123456 the Fighter (Minotaur Fighter)               Turns: 1147, Time: 00:01:24

Health: -3/89      AC:  8    Str: 21    XL:     8   Next: 79%
Magic:  7/7        EV: 13    Int:  5    God:    Gozag
Gold:   524        SH:  4    Dex: 12    Spells: 7/7 levels left

rFire   . . .        a - +0 flail
rCold   . . .        c - +0 buckler
rNeg    . . .        b - +0 scale mail
rPois   .            (helmet restricted)
rElec   .            (no cloak)
rCorr   .            (no gloves)
SInv    .            (no boots)
Will    .....        (no amulet) Stlth
                     (no ring)
HPRegen 0.34/turn    (no ring)
MPRegen 0.10/turn

%: no teleportation
@: no status effects
A: horns 2, retaliatory headbutt
a: Renounce Religion, Potion Petition, Call Merchant, Bribe Branch


You were in the Dungeon.
You worshipped Gozag.
Gozag was pleased with you.
You visited 1 branch You collected 524 gold pieces.

Inventory:

Hand Weapons
 a - a +0 flail (weapon)
Armour
 b - a +0 scale mail (worn)
 c - a +0 buckler (worn)
Wands
 k - a wand of iceblast (7)
Scrolls
 j - a scroll of blinking
Potions
 d - a potion of lignification {unknown}
 g - a potion of haste
 h - 2 potions of magic
 i - a potion of berserk rage


   Skills:
 * Level 14.0 Fighting
 * Level 13.7 Maces & Flails
 + Level 10.4 Armour
 + Level 8.7 Dodging
 - Level 3.6 Shields


You had 7 spell levels left.
You didn't know any spells.
Your spell library was empty.

Dungeon Overview and Level Annotations

Branches:
Dungeon (1/1)

Altars:
Cheibriados
Dithmenos
Elyvilon
Fedhas
Gozag
Hepliaklqana
Kikubaaqudgha
Makhleb
Nemelex Xobeh
Okawaru
Qazlal
Ru
Sif Muna
Trog
Uskayaw
Vehumet
Wu Jian
Xom
Yredelemnul
Zin
The Shining One
Jiyva
Lugonu

Shops:
D :


Innate Abilities, Weirdness & Mutations

You have a pair of horns on your head.
You reflexively headbutt those who attack you in melee.


Message History

Gozag welcomes you!
Gozag waives the service fee.
You have enough gold to petition Gozag for potion effects.
There is a hide-covered altar of Uskayaw here.
There is an entrance to Losaunau's Book Emporium here.
There is an entrance to Losaunau's Book Emporium here.
There is an open door, spattered with blood here.
There is an open door here.
Things that are here:
a +0 short sword of venom; 3 curare-tipped darts
Things that are here:
a +0 short sword of venom; 3 curare-tipped darts You open the door.
A deep troll comes into view.
The deep troll shouts!
Found 108 gold pieces.
Unknown command.
Unknown command.
There is an open door here.
You barely miss the deep troll. You closely miss the deep troll.
You headbutt the deep troll.
The deep troll is lightly wounded.
The deep troll bites you!! The deep troll closely misses you.
The deep troll claws you but does no damage.
You hit the deep troll.
The deep troll is lightly wounded.
The deep troll bites you! The deep troll claws you! x2
You sock the deep troll! You headbutt the deep troll!
The deep troll is heavily wounded.
You sock the deep troll!
The deep troll is severely wounded.
The deep troll bites you! The deep troll claws you!
* * * LOW HITPOINT WARNING * * *
You block the deep troll's attack.
You hit the deep troll but do no damage.
You headbutt the deep troll!
The deep troll is almost dead.
The deep troll bites you!!
You die...
Your body crumbles into a pile of gold.

#..#####'#####'#__####...+
$ #..####..#...#.####
##### $ #..#__####..##)#
$$ #..#_____##'#_.+
#⌠⌠#_.∩...'..._# $$
####_..__##_.#'#
$$#_____###'#[# $ $
#########.####+### $
+.).@T$.$$+ #...####### $
$ ##.## $ $ $#+#$ $ $ $ $
$ $ $ $ $ $ $


You could see a deep troll.

Vanquished Creatures
  Sonja (D)
  2 kobold demonologists (D)
  A slime creature (D)
  Sigmund (D)
  A yak (D)
  A floating eye (D)
  An ogre (D)
  A jelly (D)
  Ijyb (D)
10 creatures vanquished.

Vanquished Creatures (others)
  A hornet (D)
1 creature vanquished.

Grand Total: 11 creatures vanquished

Notes
Turn   | Place    | Note
-------+----------+-------------------------------------------
     0 | D        | 123456 the Minotaur Fighter began the quest for the Orb.
     0 | D        | Reached XP level 1. HP: 19/19 MP: 0/0
     1 | D        | Noticed Ijyb
     8 | D        | Killed Ijyb
     9 | D        | Reached skill level 5 in Fighting
     9 | D        | Reached XP level 2. HP: 19/29 MP: 1/1
    52 | D        | Noticed an ogre
    57 | D        | Killed an ogre
    58 | D        | Reached skill level 7 in Fighting
    58 | D        | Reached skill level 5 in Armour
    58 | D        | Reached XP level 3. HP: 39/39 MP: 2/2
    58 | D        | Reached XP level 4. HP: 47/47 MP: 3/3
    70 | D        | Noticed Sigmund
    78 | D        | Killed Sigmund
    79 | D        | Reached skill level 9 in Fighting
    79 | D        | Reached skill level 5 in Dodging
    79 | D        | Reached XP level 5. HP: 53/57 MP: 4/4
    79 | D        | Reached XP level 6. HP: 59/64 MP: 5/5
   105 | D        | Found a burning altar of Makhleb.
   105 | D        | Found a viscous altar of Jiyva.
   105 | D        | Found a shimmering altar of Xom.
   105 | D        | Found a corrupted altar of Lugonu.
   105 | D        | Noticed a slime creature
   117 | D        | HP: 1/64 [slime creature (12)]
   119 | D        | Killed a slime creature
   120 | D        | Reached skill level 10 in Fighting
   120 | D        | Reached skill level 10 in Maces & Flails
   443 | D        | Noticed a kobold demonologist
   443 | D        | Noticed a floating eye
   443 | D        | Noticed a kobold demonologist
   447 | D        | Killed a floating eye
   448 | D        | Reached skill level 11 in Fighting
   448 | D        | Reached XP level 7. HP: 74/74 MP: 6/6
   448 | D        | Noticed a soul eater
   452 | D        | Noticed a sun demon
   455 | D        | Noticed a red devil
   456 | D        | Killed a kobold demonologist
   457 | D        | Reached skill level 12 in Fighting
   460 | D        | Killed a kobold demonologist
   461 | D        | Reached XP level 8. HP: 72/85 MP: 7/7
   606 | D        | Found an ornate altar of the Wu Jian Council.
   606 | D        | Found a shimmering blue altar of Sif Muna.
   608 | D        | Found a radiant altar of Vehumet.
   633 | D        | Noticed Sonja
   643 | D        | Killed Sonja
   644 | D        | Reached skill level 13 in Fighting
   644 | D        | Reached skill level 10 in Armour
  1005 | D        | Found Losaunau's Book Emporium.
  1005 | D        | Found an ancient bone altar of Kikubaaqudgha.
  1005 | D        | Found a hazy altar of Hepliaklqana.
  1005 | D        | Found a stormy altar of Qazlal.
  1005 | D        | Found a hide-covered altar of Uskayaw.
  1005 | D        | Found a blossoming altar of Fedhas.
  1005 | D        | Found a bloodstained altar of Trog.
  1005 | D        | Found an iron altar of Okawaru.
  1005 | D        | Found a basalt altar of Yredelemnul.
  1005 | D        | Found a glowing golden altar of the Shining One.
  1005 | D        | Found a snail-covered altar of Cheibriados.
  1005 | D        | Found a sacrificial altar of Ru.
  1005 | D        | Found a glowing silver altar of Zin.
  1005 | D        | Found a shadowy altar of Dithmenos.
  1005 | D        | Found a white marble altar of Elyvilon.
  1012 | D        | Reached skill level 14 in Fighting
  1012 | D        | Found an opulent altar of Gozag.
  1013 | D        | Found a sparkling altar of Nemelex Xobeh.
  1061 | D        | Killed a hornet
  1120 | D        | Became a worshipper of Gozag Ym Sagoz the Greedy
  1140 | D        | Noticed a deep troll
  1147 | D        | Slain by a deep troll

Illustrated notes

Levels and vault maps discovered:
D:        dungeon_sprint_1 [red_sonja_temple_1, red_sonja_temple_small_1]

Skill      XL: |  1  2  3  4  5  6  7  8 |
---------------+-------------------------+-----
Fighting       | 5 7 9 11 12 14 | 14.0
Maces & Flails | 4 6 8 10 12 13 | 13.7
Armour         | 4 5 7 8 9 10 | 10.4
Dodging        | 2 3 5 6 7 8 |  8.7
Shields        | |  3.6

Action                     |  1- 3 |  4- 6 |  7- 9 || total
---------------------------+-------+-------+-------++-------
  Melee: Flail             |    10 |    21 |    34 ||    65
         Headbutt          |     2 |     6 |     9 ||    17
    Use: Potion            |       |       |     3 ||     3
 Armour: Scale mail        |     4 |     1 |    26 ||    31
  Dodge: Dodged            |     1 |     7 |    33 ||    41
  Block: Buckler           |     1 |     3 |     4 ||     8

Table legend: (Time is in decaauts)
 A = Elapsed time spent in this place.
 B = Non-inter-level travel time spent in this place.
 C = Inter-level travel time spent in this place.
 D = Time resting spent in this place.
 E = Time spent auto-exploring this place.
 F = Levels seen in this place.
 G = Mean time per level.
                   A        B        C        D        E       F      G
               +--------+--------+--------+--------+--------+-----+--------+
         Total |   1143 |   1143 |      0 |    935 |      2 |   1 | 1143.0 |
       Dungeon |   1143 |   1143 |      0 |    935 |      2 |   1 | 1143.0 |
               +--------+--------+--------+--------+--------+-----+--------+

Top non-repeatable levels by time:
       D: 1143 daAuts
